 Dungeon Crawl Stone Soup version 0.30-a0-715-gdb4ae3ece1 (webtiles) character file.

Game seed: 2660769450709969623

66 demibob the Chopper (level 4, -1/39 HPs)
             Began as a Hill Orc Fighter on Jan 25, 2023.
             Succumbed to an adder's poison
             ... on level 2 of the Dungeon.
             The game lasted 00:01:21 (825 turns).

demibob the Chopper (Hill Orc Fighter)               Turns: 825, Time: 00:01:21

Health: -1/39      AC:  6    Str: 20    XL:     4   Next: 15%
Magic:  4/4        EV:  9    Int:  8    God:
Gold:   39         SH:  0    Dex: 10    Spells: 3/3 levels left

rFire   . . .      SeeInvis .    a - +0 war axe
rCold   . . .      Faith    .    (no shield)
rNeg    . . .      Spirit   .    b - +0 scale mail
rPois   .          Reflect  .    (no helmet)
rElec   .          Harm     .    (no cloak)
rCorr   .          Rampage  .    (no gloves)
Will    .....                    (no boots) Stlth
                                 (no amulet)
HPRegen 0.26/turn                (no ring)
MPRegen 0.09/turn                (no ring)

@: lethally poisoned (-1 -> -10)
A: no striking features
a: no special abilities


You were on level 2 of the Dungeon.
You visited 1 branch of the dungeon, and saw 2 of its levels.

You collected 39 gold pieces.


   Skills:
 - Level 3.6 Fighting
 + Level 5.7 Axes
 - Level 3.2 Armour
 - Level 3.2 Shields


You had 3 spell levels left.
You didn't know any spells.
Your spell library was empty.

Inventory:

Hand Weapons
 a - a +0 war axe (weapon)
Missiles
 c - 6 poisoned darts (quivered)
Armour
 b - a +0 scale mail (worn)
Potions
 d - a potion of might

Dungeon Overview and Level Annotations

Branches:
Dungeon (2/15)

Altars:

#. .......!. #..
....8.... #...
......... ..#
#........
............
##.#......
#..)SS#.####
#@....... #.......#
#.###[..#.#.#
#...#.##.#.#
##.......†.####.#
#...#........$..#
........##..<#.....
###...####...# ###
##.. ......#


You could see 2 adders.


Message History

Unknown command.
You closely miss the adder.
The adder is heavily wounded.
You miss the adder. You closely miss Terence. The adder barely misses you.
Terence hits you with a +0 flail.
* * * LOW HITPOINT WARNING * * *
The adder barely misses you. x2; Terence hits you with a +0 flail.
* * * LOW HITPOINT WARNING * * *
You barely miss the adder.
The adder is heavily wounded.
You barely miss Terence. You miss the adder. The adder barely misses you.
The adder closely misses you. The adder bites you but does no damage.
Terence barely misses you. The adder bites you but does no damage.
You barely miss the adder.
The adder is heavily wounded.
You closely miss the adder. You hit Terence.
You kill Terence!
The adder bites you.
* * * LOW HITPOINT WARNING * * *
You are lethally poisoned!
The adder poisons you! The adder bites you.
* * * LOW HITPOINT WARNING * * *
You are more poisoned.
The adder poisons you! The adder bites you but does no damage.
You have reached level 4!
Okay, then.
You miss the adder.
The adder is heavily wounded.
You hit the adder but do no damage.
You die...

Skill      XL: |  1  2  3 |
---------------+----------+-----
Axes           | 3 4 5 |  5.7
Fighting       | |  3.6
Armour         | |  3.2
Shields        | |  3.2

Action                     |  1- 3 |  4- 6 || total
---------------------------+-------+-------++-------
  Melee: War axe           |    88 |     1 ||    89
         Punch             |     1 |       ||     1
    Use: Scroll            |     5 |       ||     5
 Armour: Scale mail        |    46 |       ||    46
  Dodge: Dodged            |    57 |       ||    57

Levels and vault maps discovered:
D:1:      dpeg_arrival_brainrot, layout_basic
D:2:      layout_loops_ring, shapermc_ecumenical_altar_gd, st_stairs_1,
          uniq_natasha, uniq_terence

Notes
Turn   | Place    | Note
-------+----------+-------------------------------------------
     0 | D:1      | demibob the Hill Orc Fighter began the quest for the Orb.
     0 | D:1      | Reached XP level 1. HP: 19/19 MP: 1/1
    55 | D:1      | Reached skill level 3 in Axes
   108 | D:1      | Reached XP level 2. HP: 26/26 MP: 2/2
   164 | D:1      | Reached skill level 4 in Axes
   234 | D:1      | Reached XP level 3. HP: 28/31 MP: 3/3
   591 | D:1      | Reached skill level 5 in Axes
   811 | D:2      | Noticed Terence
   822 | D:2      | HP: 3/31 [Terence/+0 flail (5)]
   824 | D:2      | Killed Terence
   824 | D:2      | HP: 1/31 [adder (2)]
   825 | D:2      | Reached XP level 4. HP: 1/39 MP: 4/4
   825 | D:2      | Succumbed to an adder's poison

Vanquished Creatures
  Terence (D:2)
  A worm (D:1)
  2 dart slugs (D:1)
  3 ball pythons (D:1)
  3 endoplasms
  2 giant cockroaches (D:1)
  7 goblins (D:1)
  3 hobgoblins (D:1)
  3 kobolds (D:1)
  A quokka (D:1)
  A bat (D:2)
  2 frilled lizards
  2 rats (D:1)
31 creatures vanquished.

Table legend: (Time is in decaauts)
 A = Elapsed time spent in this place.
 B = Non-inter-level travel time spent in this place.
 C = Inter-level travel time spent in this place.
 D = Time resting spent in this place.
 E = Time spent auto-exploring this place.
 F = Levels seen in this place.
 G = Mean time per level.
                   A        B        C        D        E       F      G
               +--------+--------+--------+--------+--------+-----+--------+
         Total |    849 |    798 |     51 |      3 |    600 |   2 |  424.5 |
       Dungeon |    849 |    798 |     51 |      3 |    600 |   2 |  424.5 |
               +--------+--------+--------+--------+--------+-----+--------+

Top non-repeatable levels by time:
     D:1: 819 daAuts
     D:2: 30 daAuts

Table legend:
 A = Non-vault XP
 B = Vault XP
 C = Vault XP percentage of total XP
 D = Non-vault monster count
 E = Vault monster count
 F = Vault count percentage of total count
                 A         B        C        D         E       F
            +---------+---------+-------+---------+---------+-------
      Total |      54 |      41 |  43.2 |      29 |       2 |   6.5
            +---------+---------+-------+---------+---------+-------
        D:1 |      50 |       5 |   9.1 |      26 |       1 |   3.7
        D:2 |       4 |      36 |  90.0 |       3 |       1 |  25.0
            +---------+---------+-------+---------+---------+-------
